 Dungeon Crawl Stone Soup version 0.28-a0-631-g0446da8ef9 (webtiles) character file.

Game seed: 14769544932474320561

25 OfficerJojo the Magician (level 3, 0/25 HPs)
             Began as a Djinni Fire Elementalist on Oct 10, 2021.
             Slain by a rat (2 damage)
             ... on level 2 of the Dungeon.
             The game lasted 00:04:38 (862 turns).

OfficerJojo the Magician (Djinni Fire Elementalist)  Turns: 862, Time: 00:04:38

Health: 0/25       AC:  2    Str:  7    XL:     3   Next: 20%
Gold:   27         EV: 12    Int: 17    God:
                   SH:  0    Dex: 13

rFire   + + .      SeeInvis .   c - +0 dagger (venom)
rCold   x . .      Faith    .   (no shield)
rNeg    . . .      Spirit   .   a - +0 robe
rPois   ∞          Reflect  .   (no helmet)
rElec   .          Harm     .   (no cloak)
rCorr   .          Rampage  .   (no gloves)
Will    .....                   (boots unavailable)
Stlth   ++........              (no amulet)
HPRegen 0.08/turn               (no ring)
MPRegen 0.00/turn               (no ring)

@: flying
A: sickness immunity, fire resistance 2, cold vulnerability 1, float, innate
caster, hp casting, extra vitality 1
a: no special abilities


You were on level 2 of the Dungeon.
You visited 1 branch of the dungeon, and saw 2 of its levels.

You collected 27 gold pieces.

Inventory:

Hand Weapons
 c - a +0 dagger of venom (weapon)
Armour
 a - a +0 robe (worn)
Jewellery
 e - a ring of fire
Scrolls
 b - a scroll of holy word {unknown}
 d - a scroll of teleportation {unknown}


   Skills:
 + Level 2.5 Dodging
 - Level 1.5 Stealth
 + Level 3.1 Spellcasting


You couldn't memorise any spells.
You knew the following spells:

 Your Spells              Type           Power      Damage    Failure   Level
a - Foxfire               Conj/Fire      52%        2x1d6     4%          1
b - Scorch                Fire           26%        2d6       7%          2
c - Conjure Flame         Conj/Fire      13%        6-21      14%         3
d - Inner Flame           Hex/Fire       13%        N/A       14%         3
e - Flame Wave            Conj/Fire      13%        3d5       43%         4
f - Apportation           Tloc           26%        N/A       4%          1
Your spell library was empty.

Dungeon Overview and Level Annotations

Branches:
Dungeon (2/15)

Altars:


Innate Abilities, Weirdness & Mutations

You are immune to sickness and miasma.
You are immune to poison.
Your flesh is very heat resistant. (rF++)
You are vulnerable to cold. (rC-)
You float through the air rather than walking.
You learn spells naturally, not from books.
Your magical power is your life essence.
You have superior vitality. (+4 HP)


Message History

The goblin hits you with a +0 dagger.
The foxfire hits the goblin.
You kill the goblin!
A rat comes into view.
The quokka twitches its whiskers.
You conjure some foxfire!
The quokka barely misses you. x2
Your foxfire dissipates!
A bat comes into view.
The foxfire hits the quokka.
The quokka is heavily wounded.
You hit the quokka but do no damage.
The quokka is poisoned.
The quokka is heavily wounded.
The quokka bites you.
You hit the quokka.
The quokka is almost dead.
The quokka bites you.
* * * LOW HITPOINT WARNING * * *
The rat closely misses you.
The quokka twitches its whiskers.
The quokka bites you.
* * * LOW HITPOINT WARNING * * *
You barely miss the quokka.
The quokka is almost dead.
The quokka completely misses you.
You closely miss the quokka.
The quokka is almost dead.
You kill the quokka!
The rat misses you.
You closely miss the rat. The rat closely misses you.
You hit the rat.
The rat is poisoned.
The rat is moderately wounded.
The rat bites you.
* * * LOW HITPOINT WARNING * * *
You closely miss the rat.
The rat is severely wounded.
The rat closely misses you.
You barely miss the rat.
The rat is severely wounded.
The rat bites you.
You die...

... .... #
........#..# .#
........#..# #.#
........#..# >..
b.......#..##.#
............#.###
......v.<....../
#####.###.##.##.##
#..@......# #
#.##r#.#### #
#.###.. ## ###


You could see a rat (poisoned).

Vanquished Creatures
  An adder (D:2)
  A dart slug (D:1)
  An endoplasm (D:1)
  A giant cockroach (D:1)
  2 hobgoblins (D:1)
  2 quokkas
  2 bats (D:1)
  2 goblins
  A kobold (D:1)
  A rat (D:1)
14 creatures vanquished.

Vanquished Creatures (others)
  32 foxfires
32 creatures vanquished.

Grand Total: 46 creatures vanquished

Notes
Turn   | Place    | Note
-------+----------+-------------------------------------------
     0 | D:1      | OfficerJojo the Djinni Fire Elementalist began the quest
                  | for the Orb.
     0 | D:1      | Reached XP level 1. HP: 15/15 MP: 0/0
   216 | D:1      | Reached XP level 2. HP: 19/21 MP: 0/0
   824 | D:2      | Reached skill level 3 in Spellcasting
   824 | D:2      | Reached XP level 3. HP: 17/25 MP: 0/0
   824 | D:2      | Learned a level 1 spell: Apportation
   862 | D:2      | Slain by a rat

Illustrated notes

Levels and vault maps discovered:
D:1:      psy_arrival_dodecagon, layout_basic
D:2:      layout_loops_cross, dreamdust_ecumenical_altar_grove,
          kennysheep_generic_room_12, uniq_sigmund

Skill      XL: |  1  2 |
---------------+-------+-----
Spellcasting   | 3 |  3.1
Dodging        | |  2.5
Stealth        | |  1.5

Action                   || total
-------------------------++-------
Melee: Dagger            ||     8
 Cast: Foxfire           ||    26
Armor: Robe              ||     3
Dodge: Dodged            ||    16

Table legend: (Time is in decaauts)
 A = Elapsed time spent in this place.
 B = Non-inter-level travel time spent in this place.
 C = Inter-level travel time spent in this place.
 D = Time resting spent in this place.
 E = Time spent auto-exploring this place.
 F = Levels seen in this place.
 G = Mean time per level.
                   A        B        C        D        E       F      G
               +--------+--------+--------+--------+--------+-----+--------+
         Total |    861 |    845 |     16 |     35 |    619 |   2 |  430.5 |
       Dungeon |    861 |    845 |     16 |     35 |    619 |   2 |  430.5 |
               +--------+--------+--------+--------+--------+-----+--------+

Top non-repeatable levels by time:
     D:1: 813 daAuts
     D:2: 47 daAuts
